 Dungeon Sprint DCSS version 0.27.1-4-g1640c2035a (webtiles) character file.

Game seed: 8583985338541123422

11630 boopmooplesden the Peltast (level 11, -1/111 HPs)
             Began as a Minotaur Fighter on Nov 9, 2021.
             Was the Champion of the Shining One.
             Slain by a death knight (10 damage)
             ... in the Dungeon (Sprint VII: "The Pits").
             The game lasted 00:09:07 (2743 turns).

boopmooplesden the Peltast (Minotaur Fighter)       Turns: 2743, Time: 00:09:08

Health: -1/111     AC: 25    Str: 25    XL:     11   Next: 51%
Magic:  5/13       EV: 10    Int:  5    God:    the Shining One [******]
Gold:   12         SH: 24    Dex: 15    Spells: 10/10 levels left

rFire    . . .     SeeInvis .   m - +2 long sword (flame)
rCold    . . .     Faith    .   c - +0 kite shield
rNeg     + + +     Spirit   .   r - +3 plate armour
rPois    .         Reflect  .   (helmet restricted)
rElec    .         Harm     .   v - +1 cloak
rCorr    .         Rampage  .   (no gloves)
Will     .....     NoTele   +   q - +1 pair of boots
Stlth    ..........             (no amulet)
HPRegen  0.28/turn              b - +3 ring of strength
MPRegen  0.13/turn              o - +3 ring of dexterity

@: divinely shielded, slowed, glowing, very slow
A: horns 2, retaliatory headbutt
a: Renounce Religion, Divine Shield, Cleansing Flame, Summon Divine Warrior,
Brand Weapon With Holy Wrath


You were in the Dungeon.
You worshipped the Shining One.
The Shining One was exalted by your worship.
You visited 1 branch You collected 12 gold pieces.

Inventory:

Hand Weapons
 m - a +2 long sword of flaming (weapon)
 p - a +2 scimitar of holy wrath
Armour
 c - a +0 kite shield (worn)
 q - a +1 pair of boots (worn)
 r - a +3 plate armour (worn)
 v - a +1 cloak (worn)
Jewellery
 b - a +3 ring of strength (left hand)
 n - a ring of see invisible
 o - a +3 ring of dexterity (right hand)
 s - a +4 ring of protection
 u - an amulet of reflection
Wands
 a - a wand of digging (3)
Scrolls
 j - 3 scrolls of blinking
 k - 5 scrolls of amnesia
 l - a scroll of summoning
 t - 3 scrolls of identify
 w - a scroll of fear
 x - 2 scrolls of fog
Potions
 d - a potion of might
 e - 8 potions of curing
 f - 14 potions of heal wounds
 g - 6 potions of haste
 h - 4 potions of magic
 i - 3 potions of berserk rage


   Skills:
 + Level 14.9 Fighting
 + Level 16.3 Long Blades
 + Level 16.3 Armour
 + Level 4.0 Dodging
 + Level 1.7 Stealth
 + Level 17.8 Shields
 + Level 4.9 Invocations


You had 10 spell levels left.
You didn't know any spells.
Your spell library was empty.

Dungeon Overview and Level Annotations

Branches:
Dungeon (1/1)

Altars:
Ashenzari
Cheibriados
Dithmenos
Elyvilon
Fedhas
Gozag
Hepliaklqana
Kikubaaqudgha
Makhleb
Nemelex Xobeh
Okawaru
Qazlal
Ru
Sif Muna
Trog
Uskayaw
Vehumet
Wu Jian
Xom
Yredelemnul
Zin
The Shining One
Beogh
Jiyva
Lugonu

Annotations:
D Joseph


Innate Abilities, Weirdness & Mutations

You have a pair of horns on your head.
You reflexively headbutt those who attack you in melee.


Message History

You block the death cob's attack. You block the hell hog's attack.
The death cob hits you but does no damage.
The hell hog closely misses you. The death cob hits you!!
Your divine shield is renewed.
You block the death cob's attack.
A hell hog comes into view.
The death cob hits you but does no damage.
You block the death knight's attack. You block the hell hog's attack.
The death cob hits you! The death cob drains your vigour!
You feel as though you will be slow longer.
The hell hog bites you but does no damage.
The death knight hits you from afar with a +4 glaive!
You fail to use your ability.
You block the death cob's attack. x2
The death cob hits you but does no damage.
The hell hog bites you!
* * * LOW HITPOINT WARNING * * *
A large slime creature splits.
The death knight hits you from afar with a +4 glaive.
* * * LOW HITPOINT WARNING * * *
You block the death cob's attack. The hell hog bites you!
* * * LOW HITPOINT WARNING * * *
The golden flame engulfs you but does no damage.
You resist.
The golden flame engulfs the death cob!!
The death cob writhes in agony!
The death cob is severely damaged.
The golden flame engulfs the hell hog!!
The hell hog writhes in agony!
The hell hog is heavily wounded.
The golden flame engulfs the death knight.
The death knight is lightly wounded.
The golden flame engulfs the death knight!!
The death knight is moderately wounded.
The golden flame engulfs Joseph!
Joseph is lightly wounded.
The death knight reflects your damage back at you!
* * * LOW HITPOINT WARNING * * *
You hear two shouts!
You hear an angry hiss.
You block the death cob's attack. x2; The hell hog barely misses you.
The death cob hits you but does no damage.
The death knight hits you from afar with a +4 glaive!
You die...

#..#.# #p# #..# #..##)# #p#
#..# #..# #3# #h# #..# #..#
#.#.# #..#
#..#####h##########..#
#######........JJ..........#
____.##........pp@.........#
____.###########zh##########
__...###########@'######
####'##................#
)))'.##......#..#......#
####.##................+
......'................+
#'#####......#..#......#
...'.##................#
...#.#####'#####''######
####.##.......##''#####
########


You could see a death cob, 2 death knights, Joseph, 2 slime creatures, 2 hell
hogs and a neqoxec.

Vanquished Creatures
  An emperor scorpion (D)
  A purple draconian (D)
  A hydra (D)
  A merfolk avatar (D)
  A merfolk aquamancer (D)
  A death yak (D)
  A fire crab (D)
  A swamp dragon (D)
  A flayed ghost (D)
  An orc sorcerer (D)
  A black mamba (D)
  A gargoyle (D)
  An orange demon (D)
  2 cane toads (D)
  An ice devil (D)
  A red devil (D)
  A guardian mummy (D)
  A hornet (D)
  2 redbacks (D)
  A ynoxinul (D)
  3 wyverns (D)
  A steam dragon (D)
  A warg (D)
  A water moccasin (D)
  2 floating eyes (D)
  An orc warrior (D)
  2 wolves (D)
  2 centaurs (D)
  A gnoll sergeant (D)
  5 killer bees (D)
  5 wights (D)
  A jelly (D)
  2 orc priests (D)
  A gnoll shaman (D)
  3 iguanas (D)
  5 orc wizards (D)
  10 gnolls (D)
  2 river rats (D)
  An ufetubus (D)
  An adder skeleton (D)
  A worm (D)
  10 orcs (D)
  2 endoplasms (D)
  2 giant cockroaches (D)
  3 goblins (D)
  A quokka (D)
  A bat (D)
92 creatures vanquished.

Notes
Turn   | Place    | Note
-------+----------+-------------------------------------------
     0 | D        | boopmooplesden the Minotaur Fighter began the quest for the
                  | Orb.
     0 | D        | Reached XP level 1. HP: 19/19 MP: 0/0
     8 | D        | Noticed a floating eye
    10 | D        | Paralysed by a floating eye for 4 turns
    14 | D        | Killed a floating eye
    15 | D        | Reached skill level 6 in Shields
    15 | D        | Reached XP level 2. HP: 31/31 MP: 1/1
    15 | D        | Reached XP level 3. HP: 38/38 MP: 2/2
    15 | D        | Reached XP level 4. HP: 45/45 MP: 3/3
    18 | D        | Found a bloodstained altar of Trog.
    18 | D        | Found a shimmering blue altar of Sif Muna.
    18 | D        | Found a viscous altar of Jiyva.
    18 | D        | Found a hazy altar of Hepliaklqana.
    18 | D        | Found an opulent altar of Gozag.
    19 | D        | Found a glowing golden altar of the Shining One.
    19 | D        | Found a glowing silver altar of Zin.
    19 | D        | Found a basalt altar of Yredelemnul.
    19 | D        | Found a shimmering altar of Xom.
    19 | D        | Found an ornate altar of the Wu Jian Council.
    19 | D        | Found a sacrificial altar of Ru.
    19 | D        | Found a stormy altar of Qazlal.
    19 | D        | Found an iron altar of Okawaru.
    19 | D        | Found a sparkling altar of Nemelex Xobeh.
    19 | D        | Found a burning altar of Makhleb.
    19 | D        | Found a blossoming altar of Fedhas.
    19 | D        | Found a white marble altar of Elyvilon.
    19 | D        | Found a shadowy altar of Dithmenos.
    19 | D        | Found a snail-covered altar of Cheibriados.
    20 | D        | Found a radiant altar of Vehumet.
    20 | D        | Found a corrupted altar of Lugonu.
    21 | D        | Found a hide-covered altar of Uskayaw.
    21 | D        | Found an ancient bone altar of Kikubaaqudgha.
    21 | D        | Found a broken altar of Ashenzari.
    23 | D        | Became a worshipper of the Shining One
    76 | D        | Reached * piety under the Shining One
    98 | D        | Reached skill level 5 in Long Blades
    98 | D        | Reached skill level 7 in Shields
   309 | D        | Noticed a wolf
   309 | D        | Reached ** piety under the Shining One
   309 | D        | Noticed a water moccasin
   320 | D        | Killed a wolf
   321 | D        | Reached skill level 8 in Shields
   321 | D        | Reached XP level 5. HP: 41/53 MP: 4/4
   327 | D        | Killed a water moccasin
   328 | D        | Reached skill level 1 in Dodging
   328 | D        | Reached XP level 6. HP: 50/62 MP: 5/5
   334 | D        | Reached skill level 9 in Shields
   346 | D        | Reached skill level 10 in Armour
   358 | D        | Reached *** piety under the Shining One
   364 | D        | Noticed a red devil
   375 | D        | Killed a red devil
   376 | D        | Reached skill level 10 in Shields
   376 | D        | Reached XP level 7. HP: 32/70 MP: 6/6
   556 | D        | Reached **** piety under the Shining One
   569 | D        | Reached skill level 10 in Long Blades
   591 | D        | Reached ***** piety under the Shining One
   591 | D        | Noticed a steam dragon
   591 | D        | Noticed a death yak
   614 | D        | Killed a death yak
   615 | D        | Reached skill level 10 in Fighting
   615 | D        | Reached skill level 11 in Shields
   615 | D        | Reached skill level 1 in Invocations
   615 | D        | Reached XP level 8. HP: 33/80 MP: 7/7
   998 | D        | Noticed a cane toad
  1003 | D        | Reached skill level 12 in Shields
  1006 | D        | Killed a cane toad
  1011 | D        | Reached XP level 9. HP: 88/89 MP: 7/9
  1016 | D        | Noticed a swamp dragon
  1027 | D        | Killed a swamp dragon
  1028 | D        | Reached skill level 1 in Stealth
  1028 | D        | Reached skill level 13 in Shields
  1181 | D        | Noticed an ice devil
  1181 | D        | Noticed a black mamba
  1198 | D        | Killed a black mamba
  1204 | D        | Killed an ice devil
  1484 | D        | Noticed a four-headed hydra
  1484 | D        | Reached ****** piety under the Shining One
  1526 | D        | Paralysed by a hornet for 2 turns
  1549 | D        | Killed a one-headed hydra
  1550 | D        | Reached skill level 14 in Shields
  1550 | D        | Reached XP level 10. HP: 33/99 MP: 10/10
  1880 | D        | Noticed a flayed ghost
  1880 | D        | Noticed a gargoyle
  1889 | D        | Killed a gargoyle
  1890 | D        | Reached skill level 15 in Long Blades
  1897 | D        | Killed a flayed ghost
  1913 | D        | Paralysed by a floating eye for 2 turns
  1923 | D        | Paralysed by a floating eye for 2 turns
  1935 | D        | Noticed an orange demon
  1935 | D        | Noticed a merfolk avatar
  1935 | D        | Noticed a fire crab
  1939 | D        | Killed an orange demon
  1940 | D        | Reached skill level 15 in Shields
  1951 | D        | Killed a fire crab
  1952 | D        | Reached skill level 15 in Armour
  1961 | D        | Killed a merfolk avatar
  2112 | D        | Noticed an orc sorcerer
  2113 | D        | Noticed a cane toad
  2134 | D        | Killed an orc sorcerer
  2135 | D        | Reached XP level 11. HP: 98/110 MP: 12/12
  2143 | D        | Reached skill level 16 in Shields
  2204 | D        | Noticed an emperor scorpion
  2250 | D        | Killed an emperor scorpion
  2251 | D        | Reached skill level 17 in Shields
  2707 | D        | Found the +8 lance "Wyrmbane" {slay drac, rPois rF+ rC+
                  | AC+3}
  2707 | D        | Noticed an anaconda
  2707 | D        | Noticed Joseph
  2710 | D        | Noticed a purple draconian
  2724 | D        | Killed a purple draconian
  2724 | D        | Noticed a merfolk aquamancer
  2732 | D        | Killed a merfolk aquamancer
  2733 | D        | Noticed a death cob
  2733 | D        | Noticed a death knight
  2733 | D        | Noticed a death knight
  2734 | D        | Noticed a hell hog
  2741 | D        | Noticed a hell hog
  2743 | D        | Slain by a death knight

Illustrated notes

Levels and vault maps discovered:
D:        pitsprint [storerooms_1, entrance_room_1, metal_vault_2, armoury_2,
          mini_pit_1, grid_room_1, main_hall_1, silver_pit, the_coven_3,
          the_vestibule_1, steel_vault_5, golden_pit, hallway_of_sentries,
          crystal_vault_6, iron_vault_4, final_vault]

Skill      XL: |  1  2  3  4  5  6  7  8  9 10 11 |
---------------+----------------------------------+-----
Fighting       | 6 8 9 10 11 12 14 | 14.9
Long Blades    | 4 6 7 9 11 13 14 15 16 | 16.3
Armour         | 6 8 9 10 11 12 13 15 16 | 16.3
Shields        | 6 8 10 11 12 14 15 17 | 17.8
Dodging        | 1 2 3 4 |  4.0
Invocations    | 1 2 3 4 |  4.9
Stealth        | 1 |  1.7

Action                   |  1- 3 |  4- 6 |  7- 9 | 10-12 || total
-------------------------+-------+-------+-------+-------++-------
Melee: Long sword        |     2 |    56 |    51 |   184 ||   293
       Headbutt          |     1 |    11 |    20 |    53 ||    85
       Scimitar          |       |       |    40 |       ||    40
Invok: Divine Shield     |       |       |     2 |     6 ||     8
       Cleansing Flame   |       |       |       |     2 ||     2
  Use: Potion            |       |     1 |     1 |     3 ||     5
       Scroll            |       |       |       |     2 ||     2
Armor: Scale mail        |       |    11 |       |       ||    11
       Plate armour      |       |    18 |    39 |    70 ||   127
Dodge: Dodged            |       |    17 |    23 |    49 ||    89
Block: Kite shield       |       |    33 |    70 |   190 ||   293
       Rpst.: Long sword |       |     3 |       |    10 ||    13
       Scimitar          |       |       |     2 |       ||     2
